 Dungeon Crawl Stone Soup version 0.31-a0-354-g827e0957a7 (webtiles) character file.

Game seed: 4911373408103817842

1036 ryw the Ruffian (level 7, -3/55 HPs)
             Began as a Demigod Shapeshifter on July 23, 2023.
             Slain by a gnoll
             ... wielding a +1 halberd of venom
             ... led by a gnoll bouda
              (9 damage)
             ... on level 6 of the Dungeon.
             The game lasted 00:10:19 (5342 turns).

ryw the Ruffian (Demigod Shapeshifter)              Turns: 5342, Time: 00:10:20

Health: -3/55      AC: 10    Str: 30    XL:     7   Next: 73%
Magic:  9/9        EV:  8    Int: 10    God:
Gold:   85         SH:  0    Dex: 20    Spells: 6/6 levels left

rFire   . .          .
                       - Unarmed
rCold   . . .        (no shield)
rNeg    . . .        y - +0 plate armour
rPois   .            s - melded +2 hat
rElec   .            k - melded +0 cloak
rCorr   .            (gloves currently unavailable)
SInv    .            j - melded +0 pair of boots
Will    .....        a - amulet of magic regeneration Stlth
                     t - +6 ring of dexterity
HPRegen 0.29/turn    l - +6 ring of strength
MPRegen 0.51/turn

%: no passive effects
@: beast-form
A: beast (slay +2), high MP 1, forlorn, divine attributes
a: Begin Untransformation


You were on level 6 of the Dungeon.
You were a hulking beast.
You visited 1 branch of the dungeon, and saw 6 of its levels.

You collected 237 gold pieces.
You spent 152 gold pieces at shops.

Inventory:

Missiles
 d - 2 javelins (quivered)
 m - 2 throwing nets
 o - 3 poisoned darts
Armour
 j - a +0 pair of boots (melded)
 k - a +0 cloak (melded)
 s - a +2 hat (melded)
 w - a +0 kite shield
 y - a +0 plate armour (worn)
Jewellery
 a - an amulet of magic regeneration (around neck)
 l - a +6 ring of strength (right hand)
 q - a ring of ice
 t - a +6 ring of dexterity (left hand)
 z - a ring of resist corrosion
Talismans
 c - a beast talisman
Wands
 x - a wand of mindburst (17)
Scrolls
 h - a scroll of enchant armour
 i - a scroll of blinking
 n - a scroll of brand weapon
 r - 2 scrolls of teleportation
 u - a scroll of vulnerability {unknown}
 v - 2 scrolls of fear {unknown}
Potions
 b - a potion of lignification
 p - 2 potions of mutation


   Skills:
 - Level 2.0 Fighting
 + Level 1.6 Throwing
 - Level 2.0 Armour
 - Level 2.0 Dodging
 + Level 2.8 Shields
 * Level 6.3 Unarmed Combat
 + Level 4.2 Shapeshifting


You had 6 spell levels left.
You didn't know any spells.
Your spell library was empty.

Dungeon Overview and Level Annotations

Branches:
Dungeon (6/15)             Temple (0/1) D:5

Shops:
D:2 !   D:3 *:=?


Innate Abilities, Weirdness & Mutations

You are a hulking beast.
Your limbs bulge with bestial killing power. (Slay +2)
You have an increased reservoir of magic. (+10% MP)
You shall have no god before yourself.
Your divine heritage dramatically boosts your attributes as you level up.


Message History

Okay, then.
Really quaff the potion of lignification?
Your transformation has ended.
Your +0 cloak unmelds from your body.
Your +2 hat unmelds from your body.
Your +0 pair of boots unmelds from your body.
You turn into a tree.
Your +0 cloak melds into your body.
Your +2 hat melds into your body.
Your +0 pair of boots melds into your body.
Your +0 plate armour melds into your body.
Your roots penetrate the ground.
You feel sick.
Unknown command.
Unknown command.
Okay, then.
As you read the scroll of torment, it crumbles to dust.
You feel a surge of unholy energy.
The gnoll convulses!
You feel sick.
The gnoll is no longer moving quickly.
Unknown command.
The air fills with toxic fumes!
As you read the scroll of poison, it crumbles to dust.
You feel sick.
You feel sick.
You feel sick.
You feel sick.
You feel sick.
You feel sick.
You are no longer poisoned.
You start resting.
Your transformation is almost over.
A gnoll is nearby!
The air fills with toxic fumes!
As you read the scroll of poison, it crumbles to dust.
You feel less wooden.
Your +0 cloak unmelds from your body.
Your +2 hat unmelds from your body.
Your +0 pair of boots unmelds from your body.
Your +0 plate armour unmelds from your body.
You turn into a hulking beast.
Your +0 cloak melds into your body.
Your +2 hat melds into your body.
Your +0 pair of boots melds into your body.
The gnoll hits you from afar with a +1 halberd of venom!
You die...

..... ....#
#######..§.. ..
#☼.....§§§. #.#
####§####§☼§☼. ##.##
########§§☼§§§§§.# ..#.
......§§§§§§§§.§.#
#..##
########§§§§h§gg.######
#... #§...§..###..§†..#
#..## #.☼.§§☼§#
#...§..# #...)
#####.§§§§§§#
#.....g###'###
#...§§§§§§§§#
#.#.........#
#...§§§..§.☼#
#.+.........+
#...§§§§☼§§§#
###.........#
#...§§.§.§..#
#.........#
#.............
+.........#


You could see 2 gnolls.

Vanquished Creatures
  A black bear (D:5)
  An ice beast (D:4)
  3 ogres (D:5)
  A centaur (D:6)
  A phantom (D:5)
  2 hounds
  3 orc priests (D:3)
  A gnoll bouda (D:6)
  A jelly (D:5)
  2 iguanas (D:4)
  Ijyb (D:5)
  A sleepcap (D:5)
  An orc wizard (D:3)
  2 gnolls
  3 adders
  2 worms (D:2)
  A dart slug (D:1)
  4 orcs
  3 bats
  4 endoplasms
  7 hobgoblins
  8 jackals
  7 kobolds
  7 quokkas
  3 ball pythons
  3 frilled lizards
  2 goblins
  7 rats
  A spectral orc (D:3)
83 creatures vanquished.

Notes
Turn   | Place    | Note
-------+----------+-------------------------------------------
     0 | D:1      | ryw the Demigod Shapeshifter began the quest for the Orb.
     0 | D:1      | Reached XP level 1. HP: 15/15 MP: 3/3
    72 | D:1      | Reached skill level 1 in Fighting
   170 | D:1      | Reached XP level 2. HP: 23/23 MP: 4/4
   215 | D:1      | Reached skill level 3 in Unarmed Combat
   871 | D:2      | Found Qeugos's Distillery.
   885 | D:2      | Bought a potion of curing for 36 gold pieces
  1024 | D:2      | Reached XP level 3. HP: 28/28 MP: 5/5
  1782 | D:3      | Found Cysic's Jewellery Emporium.
  1936 | D:3      | Found Ubbixash's Book Shoppe.
  1986 | D:3      | Reached skill level 1 in Throwing
  2185 | D:3      | Reached skill level 1 in Armour
  2185 | D:3      | Reached XP level 4. HP: 18/36 MP: 6/6
  2195 | D:3      | Reached skill level 4 in Unarmed Combat
  2195 | D:3      | Reached XP level 5. HP: 10/41 MP: 7/7
  2316 | D:3      | Found Ypi Kuiq's Magic Scroll Shoppe.
  2326 | D:3      | Bought a scroll of identify for 24 gold pieces
  2583 | D:3      | Found Ocarch's General Store.
  2586 | D:3      | Bought a scroll of identify for 28 gold pieces
  2586 | D:3      | Bought a scroll of identify for 28 gold pieces
  3058 | D:3      | Bought a scroll of teleportation for 36 gold pieces
  3549 | D:4      | Identified the +6 rapier of Turmoil {drain, +Blink}
  3872 | D:5      | Entered Level 5 of the Dungeon
  3872 | D:5      | Noticed an ogre
  3872 | D:5      | Noticed an ice beast
  3872 | D:5      | Found a staircase to the Ecumenical Temple.
  3885 | D:4      | Killed an ice beast
  3886 | D:4      | Reached XP level 6. HP: 27/48 MP: 8/8
  4063 | D:4      | Reached skill level 1 in Shields
  4171 | D:5      | Reached skill level 5 in Unarmed Combat
  4290 | D:5      | Reached XP level 7. HP: 29/55 MP: 9/9
  4401 | D:5      | Noticed Ijyb
  4405 | D:5      | Killed Ijyb
  4791 | D:5      | Reached skill level 6 in Unarmed Combat
  5326 | D:6      | HP: 4/82 [poisoned by a gnoll]
  5342 | D:6      | Slain by a gnoll

Illustrated notes

Levels and vault maps discovered:
D:1:      eino_arrival_druids_welcome, layout_loops_ring,
          kennysheep_decorative_pillar, st_stairs_7,
          minmay_misc_feat_more_columns
D:2:      layout_loops_ring, serial_shops, nicolae_shop_tiny_glass,
          serial_forest, infiniplex_forest_straight_5,
          infiniplex_forest_lined_3_way, infiniplex_forest_lined_ring,
          infiniplex_forest_lined_4_way, infiniplex_forest_clump_cross,
          basic_altar, minmay_ruptured
D:3:      layout_basic, trog_butcher_becter,
          yredelemnul_forgotten_temple_becter, serial_shops,
          nicolae_shop_real_fake_doors, nicolae_shop_gaudy_bauble, shop, shop,
          nicolae_concentric_dashed_squares_wild
D:4:      layout_loops_corners, kennysheep_nub
D:5:      layout_rooms, nicolae_ru_path_of_blood, temple_fountains,
          minmay_misc_feat_cross, uniq_ijyb
D:6:      layout_basic, lemuel_crystal_altar

Skill      XL: |  1  2  3  4  5  6  7 |
---------------+----------------------+-----
Fighting       | 1 2 |  2.0
Dodging        | 2 |  2.0
Unarmed Combat | 3 4 5 6 |  6.3
Throwing       | 1 |  1.6
Shapeshifting  | 3 4 |  4.2
Armour         | 1 2 |  2.0
Shields        | 2 |  2.8

Action                     |  1- 3 |  4- 6 |  7- 9 || total
---------------------------+-------+-------+-------++-------
  Melee: Unarmed           |   128 |    97 |    32 ||   257
         Punch             |     3 |     5 |     1 ||     9
  Throw: Javelin           |       |     2 |     3 ||     5
Ability: Begin Untransform |       |       |     1 ||     1
    Use: Potion            |     2 |     2 |     2 ||     6
         Scroll            |       |     4 |     6 ||    10
   Stab: Sleeping          |     2 |       |       ||     2
 Armour: Animal skin       |     7 |       |       ||     7
         Chain mail        |    46 |    41 |     1 ||    88
         Skin              |       |     1 |       ||     1
         Plate armour      |       |       |    13 ||    13
  Dodge: Dodged            |    44 |    44 |    12 ||   100
   Form: Beast             |       |       |     1 ||     1

Table legend: (Time is in decaauts)
 A = Elapsed time spent in this place.
 B = Non-inter-level travel time spent in this place.
 C = Inter-level travel time spent in this place.
 D = Time resting spent in this place.
 E = Time spent auto-exploring this place.
 F = Levels seen in this place.
 G = Mean time per level.
                   A        B        C        D        E       F      G
               +--------+--------+--------+--------+--------+-----+--------+
         Total |   5336 |   4912 |    424 |    710 |   3453 |   6 |  889.3 |
       Dungeon |   5336 |   4912 |    424 |    710 |   3453 |   6 |  889.3 |
               +--------+--------+--------+--------+--------+-----+--------+

Top non-repeatable levels by time:
     D:3: 1302 daAuts
     D:4: 1173 daAuts
     D:5: 1027 daAuts
     D:2: 912 daAuts
     D:1: 750 daAuts
     D:6: 169 daAuts
